 Dungeon Crawl Stone Soup version 0.28.0-1-gb440e238dd (webtiles) character file.

Game seed: 9706037369425368756

1073 themarg the Destroyer (level 8, -9/41 HPs)
             Began as a Tengu Conjurer on Feb 28, 2022.
             Was an Initiate of Vehumet.
             Mangled by a vampire (12 damage)
             ... on level 5 of the Dungeon.
             The game lasted 00:28:31 (7028 turns).

themarg the Destroyer (Tengu Conjurer)              Turns: 7028, Time: 00:28:31

Health: -9/41      AC:  2    Str:  8    XL:     8   Next: 29%
Magic:  17/24      EV: 16    Int: 21    God:    Vehumet [......]
Gold:   235        SH:  0    Dex: 12    Spells: 13/16 levels left

rFire   . . .      SeeInvis .   x - +2 dagger (protect)
rCold   . . .      Faith    .   (no shield)
rNeg    . . .      Spirit   .   a - +0 robe
rPois   .          Reflect  .   (helmet restricted)
rElec   .          Harm     .   (no cloak)
rCorr   .          Rampage  .   (no gloves)
Will    .....                   (boots unavailable)
Stlth   +++.......              (no amulet)
HPRegen 0.13/turn               e - ring of magical power
MPRegen 0.19/turn               g - ring of flight

@: flying quickly and evasively, quick
A: beak, talons 3, nimble flight
a: Renounce Religion


You were on level 5 of the Dungeon.
You worshipped Vehumet.
Vehumet was noncommittal.
You visited 2 branches of the dungeon, and saw 6 of its levels.
You also visited: Sewer.

You collected 263 gold pieces.
You spent 28 gold pieces at shops.

Inventory:

Hand Weapons
 b - a +0 hunting sling
 c - a +0 dagger
 x - a +2 dagger of protection (weapon)
Missiles
 y - 8 poisoned darts
Armour
 a - a +0 robe (worn)
Jewellery
 e - a ring of magical power (left hand)
 g - a ring of flight (right hand)
 m - a ring of fire
 n - a ring of protection from cold
Wands
 A - a wand of charming (6)
Scrolls
 l - a scroll of vulnerability
 o - 4 scrolls of teleportation
 p - 2 scrolls of fog
 r - a scroll of fear
 t - a scroll of enchant armour {unknown}
 u - a scroll of magic mapping {unknown}
 v - 2 scrolls of identify
 B - a scroll of noise {unknown}
 C - a scroll of enchant weapon {unknown}
 D - a scroll of amnesia {unknown}
Potions
 d - a potion of invisibility {unknown}
 f - 4 potions of ambrosia
 h - a potion of magic {unknown}
 i - 3 potions of mutation
 j - 5 potions of curing
 k - a potion of cancellation {unknown}
 q - a potion of attraction {unknown}
 s - a potion of heal wounds {unknown}
 w - 2 potions of resistance
 z - a potion of brilliance {unknown}


   Skills:
 + Level 5.4 Dodging
 + Level 5.3 Stealth
 + Level 4.6 Spellcasting
 + Level 8.0 Conjurations
 + Level 2.4 Air Magic


You had 13 spell levels left.
You knew the following spells:

 Your Spells              Type           Power      Damage    Failure   Level
a - Magic Dart            Conj           100%       1d8       1%          1
b - Searing Ray           Conj           76%        2d7       1%          2

Your spell library contained the following spells:

 Spells                   Type           Power      Damage    Failure   Level
 Dazzling Flash           Conj/Hex       42%        N/A       6%          3
 Fulminant Prism          Conj/Hex       10%        3d9       22%         4
 Iskenderun's Mystic Bla  Conj/Tloc      21%        2d6       22%         4
 Gell's Gravitas          Tloc           4%         N/A       34%         3
 Lesser Beckoning         Tloc           4%         N/A       34%         3
 Teleport Other           Tloc           4%         N/A       34%         3
 Lightning Bolt           Conj/Air       13%        1d27      34%         5
 Airstrike                Air            7%         N/A       38%         4
 Summon Lightning Spire   Summ/Air       10%        N/A       56%         4


Dungeon Overview and Level Annotations

Branches:
Dungeon (5/15)             Temple (1/1) D:5           Sewer (visited)

Altars:
Ashenzari
Cheibriados
Dithmenos
Elyvilon
Fedhas
Gozag
Hepliaklqana
Kikubaaqudgha
Makhleb
Ru
Sif Muna
Trog
Uskayaw
Vehumet
Xom
Zin
The Shining One

Shops:
D:1 :!?*=


Innate Abilities, Weirdness & Mutations

You have a beak for a mouth.
You have claws for feet.
Your magical nature lets you fly swiftly and evasively.


Message History

(Press . to maintain the ray.)
The searing ray hits the hound skeleton!
You destroy the hound skeleton!
Vehumet accepts your kill.
You start resting.
Magic restored.
A vampire is nearby!
Press: ? - help, . - travel You can't see that place.
Casting: Searing Ray (safe; 1% risk of failure)
Confirm with . or Enter, or press ? or * to list all spells.
Aiming: Searing Ray (safe; 1% risk of failure)
Press: ? - help, Shift-Dir - straight line, f - vampire
Aim: a vampire (wandering, hasn't noticed you, 81% to hit)
The searing ray hits the vampire.
The vampire is lightly damaged. (Press . to maintain the ray.)
The searing ray hits the vampire!
The vampire is heavily damaged.
The searing ray hits the vampire.
The vampire is severely damaged.
The searing ray hits the vampire.
The vampire is severely damaged.
You finish channelling your searing ray.
The vampire hits you. The vampire barely misses you. The vampire hits you!
The vampire bites you.
The vampire draws strength from your injuries!
Casting: Searing Ray (safe; 1% risk of failure)
Confirm with . or Enter, or press ? or * to list all spells.
Aiming: Searing Ray (safe; 1% risk of failure)
Press: ? - help, Shift-Dir - straight line, f/p - vampire
Aim: a vampire (severely damaged, 81% to hit)
The searing ray hits the vampire.
The vampire is severely damaged. (Press . to maintain the ray.)
The vampire draws life force from you!!
* * * LOW HITPOINT WARNING * * *
The vampire is healed by the life force!
The searing ray misses the vampire.
The vampire hits you!
You die...

#..... ####'#### #≈≈§§≈≈≈# ###
#§..≈..≈# ..# #§.....≈# #.#
#≈≈...§≈# ..##.# .########.#
####≈..|..≈# .....#
.##......V#####..#≈..§§§≈#
.....##.........@.......#≈≈§.≈≈≈#
.........#.###########.#####'####
........# .........)....#
........# #######.##.####
........# #.......##.#
....<...########.#÷..####.#
.......>.........'...'.##.#
Z......######.##.#...#.##.#
......... # #.#####.##.#


You could see a vampire.

Vanquished Creatures
  2 centaurs (D:5)
  A phantom (D:4)
  A scorpion (D:4)
  2 bullfrogs (Sewer)
  A wyvern zombie (D:5)
  A wyvern skeleton (D:5)
  A howler monkey (D:5)
  2 hounds
  3 jellies (D:4)
  An iguana (D:5)
  A hound zombie (D:5)
  A hound skeleton (D:5)
  A howler monkey zombie (D:5)
  9 adders
  6 river rats (Sewer)
  2 worms (D:2)
  A dart slug (D:1)
  5 orcs (D:3)
  18 ball pythons
  7 bats
  15 endoplasms
  2 giant cockroaches
  16 goblins
  10 hobgoblins
  7 jackals
  18 kobolds
  2 quokkas
  7 frilled lizards
  26 rats
169 creatures vanquished.

Vanquished Creatures (others)
  A fungus (D:4)
  8 toadstools (D:4)
9 creatures vanquished.

Grand Total: 178 creatures vanquished

Notes
Turn   | Place    | Note
-------+----------+-------------------------------------------
     0 | D:1      | themarg the Tengu Conjurer began the quest for the Orb.
     0 | D:1      | Reached XP level 1. HP: 10/10 MP: 4/4
   213 | D:1      | Found Wojua's Distillery.
   217 | D:1      | Reached XP level 2. HP: 15/15 MP: 3/6
   637 | D:1      | Found Gapimim's Magic Scroll Shop.
   672 | D:1      | Reached XP level 3. HP: 19/19 MP: 7/7
   943 | D:1      | Found Ytzuedix's Assorted Antiques.
  1179 | D:1      | Found Jurod's Jewellery Emporium.
  1280 | D:1      | Found Utilynui's Book Shoppe.
  1389 | D:1      | Learned a level 2 spell: Searing Ray
  1447 | D:1      | Bought a scroll of identify for 28 gold pieces
  1728 | D:2      | Reached XP level 4. HP: 24/24 MP: 8/8
  2110 | D:2      | You are sucked into a shaft and drop 1 floor!
  2413 | D:2      | Reached skill level 6 in Conjurations
  2618 | D:3      | Gained mutation: Your magical nature lets you fly swiftly
                  | and evasively. [Tengu growth]
  2618 | D:3      | Reached XP level 5. HP: 28/28 MP: 10/10
  2726 | D:3      | Found a faded altar of an unknown god.
  3371 | D:4      | Reached XP level 6. HP: 27/32 MP: 9/11
  3371 | D:4      | Found a glowing drain.
  3380 | Sewer    | Entered a sewer
  4240 | Sewer    | Reached skill level 7 in Conjurations
  4240 | Sewer    | Reached XP level 7. HP: 10/36 MP: 5/13
  5800 | D:5      | Entered Level 5 of the Dungeon
  5800 | D:5      | Noticed a vampire
  5907 | D:5      | Found a staircase to the Ecumenical Temple.
  5928 | Temple   | Entered the Ecumenical Temple
  6102 | Temple   | Became a worshipper of Vehumet
  6166 | D:5      | Reached skill level 5 in Dodging
  6166 | D:5      | Reached skill level 1 in Air Magic
  6298 | D:5      | Reached skill level 5 in Stealth
  6298 | D:5      | Reached XP level 8. HP: 11/41 MP: 15/15
  6681 | D:5      | Reached skill level 8 in Conjurations
  7028 | D:5      | Mangled by a vampire

Illustrated notes

Levels and vault maps discovered:
D:1:      erik_arrival_triangle_huge, layout_loops_ring, serial_shops, shop,
          nicolae_shop_behind_doors, nicolae_lakefront_shop,
          nicolae_shop_hallway_stairs, shop, minmay_tree_intersection
D:2:      layout_basic, minmay_goblin_kobold_house
D:3:      layout_basic, ebering_ecumenical_altar_box
D:4:      cheibrodos_fertilizer, layout_cave_pods, portal_sewer_entry_d,
          chequers_serial_rivers_large_b
D:5:      layout_basic, minmay_temple_entry_ruins, kennysheep_generic_room_10
Temple:   mainiacjoe_temple_starburst

Skill      XL: |  1  2  3  4  5  6  7  8 |
---------------+-------------------------+-----
Dodging        | 3 4 5 |  5.4
Conjurations   | 6 7 8 |  8.0
Stealth        | 3 4 5 |  5.3
Spellcasting   | 3 4 |  4.6
Air Magic      | 1 2 |  2.4

Action                   |  1- 3 |  4- 6 |  7- 9 || total
-------------------------+-------+-------+-------++-------
Melee: Dagger            |    24 |    24 |     8 ||    56
       Kick              |     3 |     6 |     4 ||    13
       Peck              |     1 |     3 |       ||     4
 Cast: Magic Dart        |    59 |    91 |    29 ||   179
       Searing Ray       |     3 |    26 |    31 ||    60
  Use: Scroll            |       |     4 |     4 ||     8
 Stab: Sleeping          |     3 |     1 |       ||     4
Armor: Robe              |     5 |     6 |    12 ||    23
Dodge: Dodged            |    17 |    43 |    31 ||    91
